 Dungeon Sprint DCSS version 0.28-a0-479-g5baa6b73be (webtiles) character file.

Game seed: 14897010140577698620

7 MikeHunt the Insei (level 1, -1/27 HPs)
             Began as a Demonspawn Chaos Knight on Sept 17, 2021.
             Was a Plaything of Xom.
             Slain by a human (8 damage)
             ... in the Dungeon (Sprint III: "The Ten Rune Challenge").
             The game lasted 00:00:39 (221 turns).

MikeHunt the Insei (Demonspawn Chaos Knight)         Turns: 221, Time: 00:00:40

Health: -1/27      AC:  5    Str: 12    XL:     1   Next: 83%
Magic:  1/1        EV: 11    Int: 13    God:    Xom [..*...]
Gold:   17         SH:  0    Dex: 12    Spells: 0/0 levels left

rFire   . . .      SeeInvis .     - Unarmed
rCold   . . .      Faith    .   (no shield)
rNeg    . . .      Spirit   .   a - +2 leather armour
rPois   .          Reflect  .   (no helmet)
rElec   .          Harm     .   (no cloak)
rCorr   .          Rampage  .   (no gloves)
Will    .....      NoTele   +   (no boots)
Stlth   ..........              (no amulet)
HPRegen 0.09/turn               (no ring)
MPRegen 0.07/turn               (no ring)

@: berserking, hasted, very quick
A: no striking features
a: Renounce Religion


You were in the Dungeon.
You worshipped Xom.
You were a toy of Xom.
You visited 1 branch You collected 17 gold pieces.

Inventory:

Armour
 a - a +2 leather armour (worn)
Scrolls
 g - a scroll of blinking
 h - 2 scrolls of immolation {unknown}
 i - 4 scrolls of identify
 k - a scroll of holy word {unknown}
Potions
 b - a potion of curing
 c - a potion of heal wounds
 d - a potion of haste
 e - 2 potions of magic
 j - 4 potions of flight
 l - 5 potions of mutation


   Skills:
 - Level 3.0 Fighting
 - Level 1.7 Armour
 - Level 0.8 Dodging
 + Level 4.4 Unarmed Combat


You couldn't memorise any spells.
You didn't know any spells.
Your spell library was empty.

Dungeon Overview and Level Annotations

Branches:
Dungeon (1/1)

Altars:


Message History

a potion of mutation; a potion of mutation
l - a potion of mutation;
l - 2 potions of mutation (gained 1)
Your killer bee disappears in a puff of smoke!
You now have 17 gold pieces (gained 7).
l - 3 potions of mutation (gained 1);
l - 5 potions of mutation (gained 2)
You start resting.
There is an open door here.
A human comes into view.
The human shouts!
You enter the shallow water.
Moving in this stuff is going to be slow.
You enter the shallow water.
Moving in this stuff is going to be slow.
You hit the human.
The human is lightly wounded.
The human hits you.
You closely miss the human.
The human is lightly wounded.
The human hits you.
You are too injured to fight recklessly!
You are too injured to fight recklessly!
A red film seems to cover your vision as you go berserk!
You feel yourself moving faster!
You feel mighty! Xom smiles on you.
You feel yourself speed up.
The human splashes around in the water.
You barely miss the human.
The human is lightly wounded.
The human splashes around in the water.
You punch the human!
The human is moderately wounded.
You punch the human!
The human is heavily wounded.
The human hits you.
* * * LOW HITPOINT WARNING * * *
You barely miss the human.
The human is heavily wounded.
You punch the human!
The human is severely wounded.
The human hits you!
You die...

▓▓▓▓▓▓▓▓▓▓▓▓▓
▓<.#..'...♣.♣♣
▓..#..#......♣
▓#'####....♣.♣
▓.....#....p.♣
▓.....#...≈≈@♣
▓....(#..≈≈≈≈♣♣♣
▓####'#..≈≈≈≈≈≈..
▓.....#.≈≈≈≈≈≈....
▓.....#.≈≈≈≈≈.....#
▓.....#.≈≈≈.......#
▓'#####...........#
▓.................#
▓▓▓▓▓▓▓▓▓▓▓▓▓▓▓▓


You could see a human.

Vanquished Creatures
  A phantom (D)
  2 endoplasms (D)
  2 rats (D)
5 creatures vanquished.

Notes
Turn   | Place    | Note
-------+----------+-------------------------------------------
     0 | D        | MikeHunt the Demonspawn Chaos Knight began the quest for
                  | the Orb.
     0 | D        | Reached XP level 1. HP: 18/18 MP: 1/1
     6 | D        | Reached skill level 3 in Unarmed Combat
    46 | D        | XOM: silly message
    57 | D        | Reached skill level 4 in Unarmed Combat
   113 | D        | XOM: butterfly on damage
   124 | D        | XOM is BORED!
   124 | D        | XOM: polymorph butterfly -> killer bee
   216 | D        | XOM: potion effect (haste)
   221 | D        | Slain by a human

Illustrated notes

Levels and vault maps discovered:
D:        dungeon_sprint_mu [sprint_mu_entry_forest, sprint_mu_temple_rooms,
          sprint_mu_d1_horrors, sprint_mu_d2_genie, sprint_mu_d3_branching,
          sprint_mu_orc_legion, sprint_mu_elf_gauntlet, sprint_mu_hive_nellie,
          sprint_mu_lair_fedhas, sprint_mu_vaults_butterflies,
          sprint_mu_slime_circle, sprint_mu_shoals_archi,
          sprint_mu_snake_twists, sprint_mu_blade_basic, sprint_mu_crypt_lich,
          sprint_mu_tomb_spiral, sprint_mu_vestibule_basic,
          sprint_mu_gehenna_hellfire, sprint_mu_dis_giant,
          sprint_mu_tartarus_statrot, sprint_mu_cocytus_islands, sprint_mu_zot1]

Skill      XL: |  1 |
---------------+----+-----
Unarmed Combat | 4 |  4.4
Fighting       | |  3.0
Armour         | |  1.7
Dodging        | |  0.8

Action                   || total
-------------------------++-------
Melee: Unarmed           ||    24
  Use: Potion            ||     1
Armor: Leather armour    ||     4
Dodge: Dodged            ||     6

Table legend: (Time is in decaauts)
 A = Elapsed time spent in this place.
 B = Non-inter-level travel time spent in this place.
 C = Inter-level travel time spent in this place.
 D = Time resting spent in this place.
 E = Time spent auto-exploring this place.
 F = Levels seen in this place.
 G = Mean time per level.
                   A        B        C        D        E       F      G
               +--------+--------+--------+--------+--------+-----+--------+
         Total |    220 |    220 |      0 |    125 |      0 |   1 |  220.0 |
       Dungeon |    220 |    220 |      0 |    125 |      0 |   1 |  220.0 |
               +--------+--------+--------+--------+--------+-----+--------+

Top non-repeatable levels by time:
       D: 220 daAuts
